AoeStats
← 特級過呪怨靈

Arena

507656558Analyzed
4v4 RM · 14d ago on Sep 19, 2026· 42m 8s· 8 players
Game mode
Random Map
Map size
Large (8 player)
Population
200
Speed
Normal
Resources
Standard
Victory
Conquest
Starting age
Dark Age
Ending age
Imperial Age
RankedLock teamsTeams togetherTeam positionsShared explorationLock speedFull tech treeHidden civsTurbo modeCheats
Victory
Defeat
🇹🇼 Bohemians · Taiwan
1046
+15
🇹🇼 Goths · Taiwan
1045
+15
🇹🇼 Romans · Taiwan
1035
+16
🇦🇺 Teutons · Australia
1000
+51
🇦🇷 Bohemians · Argentina
1060
-17
🇹🇼 Persians · Taiwan
1049
-16
🇨🇳 Britons · China
1006
-15
🇨🇳 Shu · China
998
-15
小7
12:22 Feudal Age
15:57 Castle Age
17:30 Double-Bit Axe
18:00 Scale Mail Armor
19:14 Horse Collar
22:59 Wheelbarrow
23:28 Heavy Plow
24:13 Bow Saw
24:03 Stone Mining
25:50 Gold Mining
25:55 Fletching
26:06 Padded Archer Armor
26:54 Forging
26:45 Scale Mail Armor
27:12 Loom
27:13 Town Watch
28:41 Scale Mail Armor
29:45 Hand Cart
29:54 Fortified Wall
30:05 Ballistics
29:56 Masonry
29:41 Murder Holes
33:45 Imperial Age
32:23 Town Patrol
32:30 Caravan
33:00 Coinage
32:29 Guard Tower
32:30 Heated Shot
32:55 Coiled Serpent Array
32:55 Man-at-Arms
32:55 Pikeman
33:21 Gambesons
33:36 Squires
34:00 Chain Mail Armor
33:41 Bodkin Arrow
34:01 Leather Archer Armor
33:47 Arson
34:40 Thumb Ring
34:15 Heavy Cavalry Archer
36:18 Chemistry
35:25 Siege Engineers
35:51 Architecture
35:07 Arrowslits
36:02 Conscription
36:40 Elite White Feather Guard
39:14 Halberdier
39:30 Elite White Feather Guard
39:37 Halberdier
39:40 Long Swordsman
42:13 Bracer
42:43 Ring Archer Armor
42:44 Plate Mail Armor
42:20 Scale Barding Armor
41:40 Crossbowman
deankuo
5:38 Loom
12:55 Feudal Age
14:17 Double-Bit Axe
16:51 Castle Age
14:46 Horse Collar
17:54 Bow Saw
18:46 Heavy Plow
24:57 Gold Mining
30:33 Imperial Age
28:43 Fletching
28:59 Scale Barding Armor
29:45 Gold Shaft Mining
29:34 Bloodlines
30:11 Kamandaran
31:26 Conscription
31:40 Thumb Ring
30:56 Crossbowman
31:58 Ballistics
32:10 Husbandry
31:31 Light Cavalry
32:08 Stone Mining
32:26 Elite War Elephant
34:20 Crop Rotation
34:53 Two-Man Saw
34:57 Hussar
36:00 Chain Barding Armor
35:36 Bodkin Arrow
37:45 Chemistry
38:25 Plate Barding Armor
38:09 Citadels
41:03 Masonry
H020IY
11:22 Feudal Age
12:39 Loom
15:12 Castle Age
14:10 Double-Bit Axe
14:06 Horse Collar
16:19 Bow Saw
16:23 Heavy Plow
20:27 Fervor
21:02 Wheelbarrow
25:59 Hand Cart
29:19 Imperial Age
27:31 Sanctity
27:16 Squires
27:02 Arson
27:19 Scale Mail Armor
28:02 Murder Holes
28:30 Ballistics
29:31 Chain Mail Armor
29:26 Forging
28:41 Pikeman
30:47 Conscription
31:18 Plate Mail Armor
30:40 Fletching
31:47 Halberdier
34:09 Chemistry
32:50 Treadmill Crane
35:03 Two-Man Saw
34:40 Redemption
34:59 Block Printing
35:16 Illumination
36:49 Iron Casting
THONDERROLL
9:57 Feudal Age
11:26 Feudal Age
10:58 Loom
17:07 Castle Age
15:13 Double-Bit Axe
16:27 Horse Collar
17:20 Stone Mining
21:04 Fletching
26:51 Town Watch
27:28 Gold Mining
28:42 Wheelbarrow
29:51 Town Patrol
31:39 Bodkin Arrow
31:45 Padded Archer Armor
31:56 Forging
32:17 Scale Barding Armor
32:12 Scale Mail Armor
31:54 Man-at-Arms
32:20 Gambesons
33:52 Yeomen
33:03 Long Swordsman
33:43 Squires
汉堡
11:06 Feudal Age
15:20 Castle Age
14:32 Loom
15:27 Wheelbarrow
18:04 Double-Bit Axe
23:08 Hand Cart
23:39 Bow Saw
24:48 Forging
24:39 Scale Mail Armor
24:51 Horse Collar
26:24 Heavy Plow
27:15 Chain Mail Armor
27:00 Pikeman
27:40 Squires
27:26 Arson
28:09 Town Watch
31:22 Imperial Age
29:06 Gold Mining
29:07 Stone Mining
30:23 Ironclad
30:30 Town Patrol
31:30 Gambesons
32:30 Iron Casting
31:46 Fletching
33:55 Two-Man Saw
33:35 Crop Rotation
33:40 Plate Mail Armor
34:12 Blast Furnace
33:53 Stone Shaft Mining
33:47 Halberdier
33:58 Capped Ram
35:53 Elite Teutonic Knight
自由人要乐奈
11:07 Feudal Age
14:55 Castle Age
13:03 Double-Bit Axe
13:00 Horse Collar
13:47 Loom
16:08 Bow Saw
16:02 Heavy Plow
21:38 Wheelbarrow
23:25 Hand Cart
24:20 Forging
28:21 Imperial Age
27:14 Chemistry
26:17 Scale Mail Armor
26:37 Arson
26:19 Pikeman
27:17 Squires
28:06 Chain Mail Armor
28:27 Iron Casting
27:57 Treadmill Crane
29:27 Fortified Wall
28:44 Halberdier
30:16 Plate Mail Armor
30:33 Conscription
31:41 Siege Engineers
32:29 Masonry
33:53 Blast Furnace
33:33 Houfnice
35:29 Fletching
35:48 Wagenburg Tactics
37:49 Padded Archer Armor
37:44 Bodkin Arrow
40:02 Hussite Reforms
40:40 Husbandry
40:00 Light Cavalry
特級過呪怨靈
11:16 Feudal Age
11:20 Feudal Age
17:01 Castle Age
16:59 Double-Bit Axe
16:57 Horse Collar
17:53 Loom
19:32 Wheelbarrow
21:45 Hand Cart
27:54 Bow Saw
27:46 Heavy Plow
32:27 Imperial Age
30:52 Fortified Wall
31:32 Pikeman
32:15 Squires
33:31 Ballistics
33:30 Halberdier
37:26 Scale Mail Armor
37:37 Forging
38:19 Heavy Scorpion
40:04 Chemistry
42:16 Chain Mail Armor
疯穿箱子
11:46 Feudal Age
11:01 Loom
16:22 Castle Age
14:56 Double-Bit Axe
15:08 Horse Collar
30:34 Imperial Age
28:41 Wheelbarrow
28:27 Scale Mail Armor
28:37 Forging
29:09 Bow Saw
29:11 Gold Mining
29:14 Stone Mining
29:55 Hand Cart
30:26 Anarchy
30:58 Squires
31:37 Chain Mail Armor
31:57 Iron Casting
31:15 Elite Huskarl
32:54 Conscription
34:01 Stone Shaft Mining
35:31 Perfusion
37:06 Blast Furnace
39:12 Pikeman
Connection lost

Rejoining the realm…

Still unreachable

The connection could not be restored.

Session expired

The server has moved on; the page needs a fresh start.